 Dungeon Crawl Stone Soup version 0.23-a0-451-g1044d4c (webtiles) character file.

156 MisterFreud the Slasher (level 5, 0/34 HPs)
             Began as an Octopode Gladiator on Nov 22, 2018.
             Slain by Grinder (3 damage)
             ... on level 3 of the Dungeon.
             The game lasted 00:04:25 (2663 turns).

MisterFreud the Slasher (Octopode Gladiator)        Turns: 2663, Time: 00:04:26

Health: 0/34       AC:  2    Str: 13    XL:     5   Next: 38%
Magic:  5/5        EV: 14    Int: 11    God:
Gold:   133        SH:  4    Dex: 14    Spells: 4/4 levels left

rFire    . . .     SeeInvis .   a - +1 long sword
rCold    . . .     Gourm    .   e - +0 buckler (curse)
rNeg     . . .     Faith    .   b - +1 hat
rPois    .         Spirit   .   g - amulet of rage
rElec    .         Reflect  .   (no ring)
rCorr    .         Harm     .   (no ring)
MR       .....                  (no ring)
Stlth    ++++......             (no ring)
HPRegen  0.11/turn              (no ring)
MPRegen  0.09/turn              (no ring)
                                (no ring)
                                (no ring)

@: no status effects
A: almost no armour, stealthy swim, amphibious, 8 rings, constrict 8, camouflage
1, gelatinous body 1
a: Evoke Berserk Rage


You were on level 3 of the Dungeon.
You were very hungry.

You visited 1 branch of the dungeon, and saw 3 of its levels.

You collected 133 gold pieces.

Inventory:

Hand Weapons
 a - a +1 long sword (weapon)
Missiles
 c - 3 throwing nets (quivered)
 l - 90 stones
 m - 30 arrows
 o - 10 poisoned needles
Armour
 b - a +1 hat (worn)
 e - a cursed +0 buckler (worn)
 j - a +0 large shield
Jewellery
 g - an amulet of rage (around mantle)
Scrolls
 f - 3 scrolls of remove curse
 h - 3 scrolls of identify {unknown}
 i - 2 scrolls of teleportation {unknown}
 r - a scroll of magic mapping {unknown}
 t - a scroll of fog {unknown}
Potions
 k - 2 potions of curing {unknown}
 n - a potion of heal wounds {unknown}
 q - 2 potions of invisibility {unknown}
 s - 2 potions of haste {unknown}
Comestibles
 d - 5 rations


   Skills:
 - Level 2.0 Fighting
 + Level 4.2 Long Blades
 - Level 2.0 Throwing
 - Level 3.0 Dodging
 - Level 4.0 Stealth
 + Level 2.5 Shields


You had 4 spell levels left.
You didn't know any spells.
Your spell library was empty.

Dungeon Overview and Level Annotations

Branches:
Dungeon (3/15)

Altars:

Annotations:
D:3 Grinder


Innate Abilities, Weirdness & Mutations

You cannot wear most types of armour.
You are very stealthy in the water. (Stealth+)
You are amphibious.
You can wear up to eight rings at the same time.
You can use your tentacles to constrict eight enemies at once.
Your skin changes colour to match your surroundings (Stealth+).
Your rubbery body absorbs attacks. (AC +1, EV +1)


Message History

Grinder hits you.
You writhe in agony.
You can move again.
Unknown command.
You closely miss Grinder. You grab Grinder.
Grinder is lightly wounded.
You constrict Grinder, but do no damage.
Grinder blinks free!
You barely miss Grinder. You grab Grinder. You squeeze Grinder.
Grinder is moderately wounded.
You constrict Grinder.
Grinder says, "Mostly I couldn't keep them alive."
Grinder hits you!
You writhe in agony.
Grinder gestures at you. Pain shoots through your body!
You completely miss Grinder.
Grinder is moderately wounded.
You constrict Grinder. Grinder hits you!
* * * LOW HITPOINT WARNING * * *
You writhe in agony.
You die...

.....# #.# .....# #.#
.....# #.#
.....###########.#
................[#######
......[..........?.oo.o.
#.......).....#..#......
#.............#.[# #....
###...........#.@# ### #
#...........#5.# #
#...........#)<# #
##.....#.##.#.## #
#.....#.##.#.# #
#.....#)##.#.
####.....#)##.#.
#........#.##.#.
#........#.##.#.


You could see Grinder.

Vanquished Creatures
  2 orc priests (D:3)
  Jessica (D:3)
  A shadow imp (D:3)
  An ooze (D:1)
  2 dart slugs
  A leopard gecko (D:1)
  6 orcs
  A giant cockroach (D:1)
  6 hobgoblins
  4 bats
  2 frilled lizards
  11 goblins
  4 kobolds
  8 rats
50 creatures vanquished.

Notes
Turn   | Place    | Note
-------+----------+-------------------------------------------
     0 | D:1      | MisterFreud the Octopode Gladiator began the quest for the
                  | Orb.
     0 | D:1      | Reached XP level 1. HP: 14/14 MP: 1/1
    61 | D:1      | Reached skill level 1 in Stealth
   401 | D:1      | Reached XP level 2. HP: 8/19 MP: 2/2
   881 | D:1      | Reached XP level 3. HP: 20/24 MP: 3/3
  1819 | D:3      | Noticed Jessica
  1886 | D:3      | Killed Jessica
  1886 | D:3      | Reached skill level 1 in Shields
  1886 | D:3      | Reached XP level 4. HP: 21/29 MP: 4/4
  1957 | D:3      | Reached XP level 5. HP: 16/34 MP: 5/5
  2211 | D:3      | HP: 1/34 [orc priest/divine providence (11)]
  2511 | D:3      | Noticed Grinder
  2657 | D:3      | Paralysed by Grinder for 4 turns
  2663 | D:3      | Slain by Grinder

Vault maps used:
D:1:      dpeg_arrival_arbitrary_c
D:3:      portal_sewer_entry_c, uniq_grinder, uniq_jessica,
          uniq_crazy_yiuf_cottage

Skill      XL: |  1  2  3  4  5 |
---------------+----------------+-----
Stealth        | 2 3 4 |  4.0
Shields        | 1 2 |  2.5
Long Blades    | 4 |  4.2
Fighting       | |  2.0
Throwing       | |  2.0
Dodging        | |  3.0

Action                   |  1- 3 |  4- 6 || total
-------------------------+-------+-------++-------
Melee: Long sword        |    59 |    30 ||    89
       Constrict         |    13 |    15 ||    28
       Tentacles         |     7 |     6 ||    13
  Use: Scroll            |     4 |       ||     4
 Stab: Sleeping          |     7 |     1 ||     8
       Distracted        |     1 |       ||     1
  Eat: Chunk             |     3 |     1 ||     4
Armor: Skin              |     6 |     2 ||     8
Dodge: Dodged            |    30 |    14 ||    44
Block: Buckler           |     7 |     5 ||    12
       Rpst.: Long sword |     9 |     5 ||    14

Table legend:
 A = Non-vault XP
 B = Vault XP
 C = Vault XP percentage of total XP
 D = Non-vault monster count
 E = Vault monster count
 F = Vault count percentage of total count
                 A         B        C        D         E       F
            +---------+---------+-------+---------+---------+-------
      Total |     187 |      37 |  16.5 |      49 |       1 |   2.0
            +---------+---------+-------+---------+---------+-------
        D:1 |      43 |       0 |   0.0 |      22 |       0 |   0.0
        D:2 |      20 |       0 |   0.0 |      10 |       0 |   0.0
        D:3 |     124 |      37 |  23.0 |      17 |       1 |   5.6
            +---------+---------+-------+---------+---------+-------
